 Dungeon Crawl Stone Soup version 0.19.0-24-gb05acd6 (webtiles) character file.

107 Coron the Covered (level 4, -1/42 HPs)
             Began as a Deep Dwarf Abyssal Knight on Nov 20, 2016.
             Was a Follower of Lugonu.
             Slain by an orc
             ... wielding a +0 falchion
              (3 damage)
             ... on level 3 of the Dungeon.
             The game lasted 00:06:47 (2071 turns).

Coron the Covered (Deep Dwarf Abyssal Knight)       Turns: 2071, Time: 00:06:48

Health: -1/42      AC:  4    Str: 16    XL:     4   Next: 57%
Magic:  5/5        EV: 10    Int: 13    God:    Lugonu [*.....]
Gold:   51         SH:  3    Dex: 12    Spells: 0 memorised, 3 levels left

rFire  . . .     SeeInvis .     a - +1 hand axe
rCold  . . .     Gourm    .     b - +0 leather armour
rNeg   . . .     Faith    .     g - +0 buckler
rPois  .         Spirit   .     q - +0 helmet
rElec  .         Reflect  .     (no cloak)
rCorr  .         Harm     .     (no gloves)
MR     .....                    (no boots)
Stlth  +.........               (no amulet)
                                (no ring)
                                (no ring)

@: lethally poisoned (-1 -> -1), non-regenerating
A: damage resistance, recharge devices, sense surroundings 1, slow regeneration
3
a: Device Recharging, Depart the Abyss, Renounce Religion


You were on level 3 of the Dungeon.
You worshipped Lugonu.
Lugonu was aware of your devotion.
You were not hungry.

You visited 1 branch of the dungeon, and saw 3 of its levels.
You visited the Abyss 1 time.

You collected 51 gold pieces.

Inventory:

Hand Weapons
 a - a +1 hand axe (weapon)
Armour
 b - a +0 leather armour (worn)
 g - a +0 buckler (worn)
 k - a +0 plate armour
 q - a +0 helmet (worn)
Wands
 c - a wand of heal wounds (4/9)
Scrolls
 i - a scroll of teleportation {unknown}
 m - a scroll of enchant armour {unknown}
 p - 2 scrolls of identify
Potions
 e - a potion of resistance
 j - 2 potions of might {unknown}
 l - a potion of curing {unknown}
 o - a potion of berserk rage {unknown}
Comestibles
 d - 2 bread rations
 f - 5 chunks of flesh
 h - 2 meat rations
 n - a slice of pizza


   Skills:
 - Level 3.0 Fighting
 - Level 3.0 Axes
 + Level 4.5 Armour
 - Level 1.1 Dodging
 - Level 0.3 Stealth
 - Level 2.4 Invocations


You had 3 spell levels left.
You didn't know any spells.

Dungeon Overview and Level Annotations

Branches:
Dungeon (3/15)

Altars:
Dithmenos


Innate Abilities, Weirdness & Mutations

You are resistant to damage.
You can recharge devices by infusing magical energy.
You passively map a small area around you.
You do not regenerate.


Message History

The orc shouts!
You hit the orc.
The orc priest hits you with an enchanted whip.
* * * LOW HITPOINT WARNING * * *
The orc hits you but does no damage. The orc hits you with a falchion.
* * * LOW HITPOINT WARNING * * *
You hit the orc priest but do no damage.
The orc priest is lightly wounded.
You hit the orc. x2
The orc priest hits you but does no damage.
The orc barely misses you. The orc hits you with a falchion.
* * * LOW HITPOINT WARNING * * *
Unknown command.
You hit the orc priest but do no damage.
The orc priest is lightly wounded.
You completely miss the orc. You barely miss the orc.
The orc priest hits you with an enchanted whip.
* * * LOW HITPOINT WARNING * * *
The orc hits you with a falchion.
You die...

#...# * #...# * *####*
#...# ....#
####...######
.....####............
*#....##............
#........)......., *
#.....oo......... * ,
* #.<...@o.........
............#..o......
.#########...#........
, ##...>....... ,
*............ , , ,
,.####.....o. , ..
..... , , ..* *#. , ,
* ,


You could see an orc priest and 3 orcs.

Vanquished Creatures
  Jessica (D:2)
  Robin (D:2)
  2 adders
  A leopard gecko (D:1)
  A ball python (D:1)
  3 bats
  A giant cockroach (D:2)
  12 goblins
  4 hobgoblins (D:2)
  7 jackals (D:1)
  6 kobolds
  A quokka (D:2)
  2 frilled lizards
  6 rats
48 creatures vanquished.

Notes
Turn   | Place    | Note
-------+----------+-------------------------------------------
     0 | Abyss:1  | Coron the Deep Dwarf Abyssal Knight began the quest for the Orb.
     0 | Abyss:1  | Reached XP level 1. HP: 20/20 MP: 2/2
    65 | Abyss:1  | Noticed a large abomination
    76 | D:1      | Escaped the Abyss
   131 | D:1      | Reached * piety under Lugonu
   462 | D:1      | Reached XP level 2. HP: 16/27 MP: 3/3
  1168 | D:2      | Reached XP level 3. HP: 16/34 MP: 4/4
  1197 | D:2      | Found a shadowy altar of Dithmenos.
  1244 | D:2      | Noticed Robin
  1258 | D:2      | Killed Robin
  1258 | D:2      | Reached skill level 3 in Armour
  1783 | D:2      | Reached XP level 4. HP: 19/42 MP: 5/5
  1956 | D:2      | Reached skill level 4 in Armour
  1957 | D:2      | Noticed Jessica
  1974 | D:2      | Killed Jessica
  2030 | D:3      | HP: 2/42 [adder (2)]
  2071 | D:3      | HP: 2/42 [orc priest/enchanted whip (3)]
  2071 | D:3      | Slain by an orc

Skill      XL: |  1  2  3  4 |
---------------+-------------+-----
Fighting       | 3 |  3.0
Axes           | 3 |  3.0
Armour         | 3 4 |  4.5
Dodging        | |  1.1
Stealth        | |  0.3
Invocations    | |  2.4

Action                   |  1- 3 |  4- 6 || total
-------------------------+-------+-------++-------
Melee: Hand axe          |   131 |    49 ||   180
Invok: Depart the Abyss  |     1 |       ||     1
Evoke: Wand              |       |     1 ||     1
  Use: Scroll            |     3 |       ||     3
       Potion            |     1 |       ||     1
  Eat: Chunk             |     3 |     1 ||     4
Armor: Leather armour    |    29 |     9 ||    38
Dodge: Dodged            |    75 |    26 ||   101
Block: Buckler           |     1 |     4 ||     5
